 Dungeon Crawl Stone Soup version 0.17-a0-1748-g222fba8 (webtiles) character file.

202 matakusis the Ducker (level 5, -3/39 HPs)
             Began as a Demonspawn Gladiator on Sept 1, 2015.
             Slain by a slave (4 damage)
             ... led by Pikel
             ... on level 4 of the Dungeon.
             The game lasted 00:11:50 (3320 turns).

matakusis the Ducker (Demonspawn Gladiator)         Turns: 3320, Time: 00:11:50

Health: -3/39      AC:  3    Str: 15    XL:     5   Next: 50%
Magic:  5/5        EV: 14    Int:  9    God:
Gold:   179        SH:  0    Dex: 17    Spells: 0 memorised, 4 levels left

rFire  . . .     SeeInvis .     a - +0 war axe
rCold  . . .     Clarity  .     b - +0 leather armour
rNeg   + . .     SustAt   .     (no shield)
rPois  .         Gourm    .     (helmet restricted)
rElec  .         Spirit   .     (no cloak)
rCorr  .         Warding  .     (no gloves)
rMut   .         Stasis   .     (no boots)
MR     .....                    o - amulet of regeneration
Stlth  ++........               (no ring)
                                g - ring of positive energy

@: lethally poisoned (-3 -> -3), very slightly contaminated, hasted, very quick,
not resistant to hostile enchantments, unstealthy
A: horns 2, thin skeletal structure 1, powered by death 1
a: no special abilities


You were on level 4 of the Dungeon.
You were not hungry.

You visited 1 branch of the dungeon, and saw 4 of its levels.

You collected 179 gold pieces.

Inventory:

Hand weapons
 a - a +0 war axe (weapon)
Missiles
 d - 3 throwing nets (quivered)
Armour
 b - a +0 leather armour (worn)
Jewellery
 g - a ring of positive energy (left hand)
 m - an uncursed ring of ice
 o - an amulet of regeneration (around neck)
Scrolls
 f - 5 scrolls of identify
 i - a scroll of remove curse
Potions
 c - 2 potions of resistance
 n - a potion of flight
Comestibles
 e - 3 bread rations
 h - 2 chunks of flesh
 j - a meat ration
 k - 4 fruits


   Skills:
 + Level 2.7 Fighting
 + Level 3.5 Axes
 - Level 1.7 Throwing
 + Level 1.6 Armour
 * Level 4.4 Dodging


You had 4 spell levels left.
You didn't know any spells.

Dungeon Overview and Level Annotations

Branches:
Dungeon (4/15)             Temple (0/1) D:4

Altars:
Cheibriados
Gozag
Makhleb
Qazlal
Sif Muna
Zin

Shops:
D:3 *


Innate Abilities, Weirdness & Mutations

You have a pair of horns on your head.
You have a somewhat thin skeletal structure (Dex +2, Stealth).
You regenerate a little health from kills.


Message History

The adder barely misses you. The slave hits you.
The slave completely misses you. The slave hits you!
* * * LOW HITPOINT WARNING * * *
The adder closely misses you.
Drink which item? (? for menu, Esc to quit)
Okay, then.
Read which item? (? for menu, Esc to quit)
Okay, then.
You barely miss the adder. You headbutt the adder!
You kill the adder!
You barely miss the slave.
The slave is lightly wounded.
You hit the slave.
The slave is almost dead.
You hit the slave.
The slave is heavily wounded.
You feel sick. The slave closely misses you. The slave hits you.
* * * LOW HITPOINT WARNING * * *
The slave hits you.
You die...

####.........
........>.....
.......... ..
...8.... .# #
#..... .# .##+
##..#.####.##....
#..#pp.........=.
+..'@pp......)...
##.######..##.##.#
# #..##.##.####
#.....#...... $
#p....+...... ...
##....##...#
..pp.##p...##...#
..>..''.........+
.....#..........#


You could see 4 slaves.

Vanquished Creatures
  A hound (D:2)
  2 orc wizards (D:3)
  A worker ant (D:4)
  2 adders
  An ooze (D:4)
  2 worms (D:2)
  5 giant geckos
  7 orcs
  3 giant cockroaches
  6 hobgoblins
  2 ball pythons
  5 bats
  3 giant newts
  9 goblins
  A jackal skeleton (D:4)
  7 kobolds
  8 rats
65 creatures vanquished.

Vanquished Creatures (others)
  5 toadstools (D:1)
5 creatures vanquished.

Grand Total: 70 creatures vanquished

Notes
Turn   | Place    | Note
--------------------------------------------------------------
     0 | D:1      | matakusis the Demonspawn Gladiator began the quest for the Orb.
     0 | D:1      | Reached XP level 1. HP: 16/16 MP: 1/1
    83 | D:1      | Reached skill level 3 in Dodging
   340 | D:1      | Gained mutation: You regenerate a little health from kills. [demonic ancestry]
   340 | D:1      | Reached XP level 2. HP: 19/22 MP: 2/2
  1304 | D:2      | Gained mutation: You have a pair of small horns on your head. [demonic ancestry]
  1304 | D:2      | Reached XP level 3. HP: 27/27 MP: 3/3
  1368 | D:2      | Reached skill level 1 in Armour
  1430 | D:2      | Found a burning altar of Makhleb.
  1584 | D:2      | Gained mutation: You have a pair of horns on your head. [demonic ancestry]
  1584 | D:2      | Reached XP level 4. HP: 3/34 MP: 4/4
  1789 | D:2      | Found a deep blue altar of Sif Muna.
  1794 | D:2      | Found a stormy altar of Qazlal.
  1799 | D:2      | Found a glowing silver altar of Zin.
  2308 | D:3      | Found a snail-covered altar of Cheibriados.
  2431 | D:3      | Found Gozag's Platinum Reserve.
  2554 | D:3      | Reached skill level 4 in Dodging
  2806 | D:3      | Gained mutation: You have a somewhat thin skeletal structure (Dex +2, Stealth). [demonic ancestry]
  2806 | D:3      | Reached XP level 5. HP: 22/39 MP: 5/5
  3044 | D:3      | Found an opulent altar of Gozag.
  3297 | D:4      | Found a staircase to the Ecumenical Temple.
  3297 | D:4      | Noticed a slave
  3297 | D:4      | Noticed a slave
  3297 | D:4      | Noticed a slave
  3297 | D:4      | Noticed a slave
  3320 | D:4      | HP: 1/39 [slave[Pikel] (5)]
  3320 | D:4      | Slain by a slave

Vault maps used:
D:1:      ldierk_walled_garden
D:2:      makhleb_blood_cavern_becter, minmay_overflow_temple_star_quad,
          first_bread
D:3:      cheibriados_altar_1, nicolae_gozag_zags_fifth_avenue,
          minmay_misc_feat_four_crosses
D:4:      lemuel_coloured_pillars_altar, temple_green, serial_shops, shop,
          st_stairs_1, uniq_pikel, uniq_sigmund

Action                   |  1- 3 |  4- 6 || total
-------------------------+-------+-------++-------
Melee: War axe           |   117 |    76 ||   193
  Use: Potion            |     1 |     1 ||     2
       Scroll            |       |     5 ||     5
 Stab: Sleeping          |       |     1 ||     1
  Eat: Chunk             |     2 |     6 ||     8
